 Dungeon Crawl Stone Soup version 0.31-a0-115-g4708a659fe (webtiles) character file.

Game seed: 11659126725678593621

49 avis the Insei (level 3, 0/25 HPs)
             Began as an Octopode Transmuter on May 30, 2023.
             Slain by a cerulean imp
             ... wielding a +1 spear
             ... summoned by Natasha
              (5 damage)
             ... on level 2 of the Dungeon.
             The game lasted 00:07:05 (1047 turns).

avis the Insei (Octopode Transmuter)                Turns: 1047, Time: 00:07:06

Health: 0/25       AC:  1    Str:  9    XL:     3   Next: 77%
Magic:  0/6        EV: 13    Int: 15    God:
Gold:   74         SH:  0    Dex: 14    Spells: 0/6 levels left

rFire   . . .        a - +0 short sword
rCold   . . .        (no shield)
rNeg    . . .        (helmet currently unavailable)
rPois   .            (no amulet)
rElec   .            h - +4 ring of slaying
rCorr   .            (no ring)
SInv    .            (no ring)
Will    .....        (no ring)
Stlth   +++          (no ring)
HPRegen 0.24/turn    (no ring)
MPRegen 0.10/turn    (no ring)
                     (no ring)

%: no passive effects
@: appendages, very slightly contaminated
A: tentacle spike 3, almost no armour, amphibious, 8 rings, camouflage 1,
gelatinous body 1, (nimble swimmer 1), tentacles
a: End Transformation


You were on level 2 of the Dungeon.
One of your tentacles had grown a beastly spike.
You visited 1 branch of the dungeon, and saw 2 of its levels.

You collected 74 gold pieces.

Inventory:

Hand Weapons
 a - a +0 short sword (weapon)
Missiles
 b - 6 datura-tipped darts
 g - 2 atropa-tipped darts
Jewellery
 h - a +4 ring of slaying (left tentacle)
Scrolls
 d - a scroll of poison {unknown}
 e - a scroll of brand weapon {unknown}
Potions
 c - a potion of lignification
 f - a potion of curing {unknown}


   Skills:
 * Level 2.9 Fighting
 - Level 2.0 Dodging
 + Level 2.4 Stealth
 - Level 3.0 Unarmed Combat
 - Level 2.0 Spellcasting
 - Level 2.0 Transmutations


You couldn't memorise any spells.
You knew the following spells:

 Your Spells              Type           Power      Damage    Failure   Level
a - Beastly Appendage     Tmut           14%        N/A       10%         1
e - Wereblood             Tmut           7%         N/A       14%         2
p - Spider Form           Tmut/Pois      4%         N/A       41%         3

Your spell library contained the following spells:

 Spells                   Type           Power      Damage    Failure   Level
 Dazzling Flash           Conj/Hex       2%         N/A       54%         3
 Volatile Blastmotes      Fire/Tloc      2%         2d10      54%         3
 Ice Form                 Ice/Tmut       4%         N/A       82%         4
 Animate Dead             Necr           1%         N/A       91%         4
 Iskenderun's Mystic Bla  Conj/Tloc      1%         2d3       91%         4
 Borgnjor's Vile Clutch   Necr/Erth      0%         N/A       99%         5
 Death Channel            Necr           0%         N/A       100%        6
 Starburst                Conj/Fire      0%         6d3       100%        6


Dungeon Overview and Level Annotations

Branches:
Dungeon (2/15)

Altars:

Annotations:
D:2 Natasha


Innate Abilities, Weirdness & Mutations

One of your tentacles has grown a beastly spike.
You cannot wear most types of armour.
You are amphibious.
You can wear up to eight rings at the same time.
Your skin changes colour to match your surroundings (Stealth+).
Your rubbery body absorbs attacks. (AC +1, EV +1)
((You are camouflaged when in or above water. (Stealth+)))
You have tentacles for arms and can constrict up to eight enemies at once.


Message History

You barely miss the cerulean imp. You hit the cerulean imp.
The cerulean imp is moderately wounded.
The cerulean imp hits you with a +0 spear.
You barely miss the cerulean imp.
The cerulean imp is moderately wounded.
The cerulean imp closely misses you.
You hit the cerulean imp.
The cerulean imp is heavily wounded.
The cerulean imp hits you with a +0 spear.
You bite the cerulean imp!
You kill the cerulean imp!
The cerulean imp disappears in a puff of smoke!
You hit Natasha.
Natasha is lightly wounded.
The cerulean imp misses you. Natasha barely misses you.
You hit Natasha.
Natasha is moderately wounded.
The cerulean imp closely misses you. Natasha closely misses you.
You hit Natasha but do no damage.
Natasha is moderately wounded.
Your transformation has ended.
Your +0 short sword unmelds from your body.
The cerulean imp hits you from afar with a +1 spear.
Natasha extends her claws.
Natasha closely misses you.
Casting: Spider Form (extremely dangerous; 41% risk of failure)
Confirm with . or Enter, or press ? or * to list all spells.
The spell is extremely dangerous to miscast (41% risk of failure)!
Continue anyway?
You miscast Spider Form.
You are very lightly contaminated with residual magic.
Strange energies run through your body.
The cerulean imp hits you from afar with a +1 spear.
Natasha claws you!
* * * LOW HITPOINT WARNING * * *
Casting: Spider Form (extremely dangerous; 41% risk of failure)
Confirm with . or Enter, or press ? or * to list all spells.
One of your tentacles grows a vicious spike.
The cerulean imp hits you from afar with a +1 spear.
You die...

##.# ##.# ### ##(#
#.. ##)# #.# #.#
#.# .# #.# #5# ###
#h# #<# #@# #.# #.#
#.# .#. #.# #.#
#...?#.######.#####
#........).....#
###?####.......#
...# #.......#
##### #########


You could see Natasha and a cerulean imp (summoned).

Vanquished Creatures
  An adder (D:2)
  2 dart slugs
  3 endoplasms (D:1)
  A giant cockroach (D:1)
  4 goblins
  A hobgoblin (D:1)
  4 jackals (D:2)
  4 quokkas
  3 ball pythons
  4 bats (D:1)
  A frilled lizard (D:2)
  4 kobolds
  3 rats (D:1)
35 creatures vanquished.

Notes
Turn   | Place    | Note
-------+----------+-------------------------------------------
     0 | D:1      | avis the Octopode Transmuter began the quest for the Orb.
     0 | D:1      | Reached XP level 1. HP: 13/13 MP: 3/3
   137 | D:1      | Reached skill level 1 in Stealth
   137 | D:1      | Reached XP level 2. HP: 19/19 MP: 3/5
   268 | D:1      | Found a faded altar of an unknown god.
   578 | D:1      | Reached XP level 3. HP: 21/25 MP: 4/6
   778 | D:1      | Learned a level 2 spell: Wereblood
   782 | D:1      | Learned a level 3 spell: Spider Form
  1030 | D:2      | Noticed Natasha
  1047 | D:2      | Slain by a cerulean imp

Illustrated notes

Levels and vault maps discovered:
D:1:      reono_arrival_forest_river, layout_loops_ring, basic_ecumenical_altar,
          minmay_parallelograms
D:2:      layout_basic, uniq_natasha

Skill      XL: |  1  2  3 |
---------------+----------+-----
Stealth        | 1 2 |  2.4
Fighting       | 2 |  2.9
Dodging        | |  2.0
Unarmed Combat | |  3.0
Spellcasting   | |  2.0
Transmutations | |  2.0

Action                     || total
---------------------------++-------
  Melee: Unarmed           ||    16
         Constrict         ||    15
         Kick              ||     6
         Tentacles         ||     9
         Short sword       ||    52
         Punch             ||     2
   Cast: Beastly Appendage ||    19
         Spider Form       ||     1
   Stab: Sleeping          ||     9
 Armour: Skin              ||     7
  Dodge: Dodged            ||    47

Table legend: (Time is in decaauts)
 A = Elapsed time spent in this place.
 B = Non-inter-level travel time spent in this place.
 C = Inter-level travel time spent in this place.
 D = Time resting spent in this place.
 E = Time spent auto-exploring this place.
 F = Levels seen in this place.
 G = Mean time per level.
                   A        B        C        D        E       F      G
               +--------+--------+--------+--------+--------+-----+--------+
         Total |   1045 |    981 |     64 |     29 |    655 |   2 |  522.5 |
       Dungeon |   1045 |    981 |     64 |     29 |    655 |   2 |  522.5 |
               +--------+--------+--------+--------+--------+-----+--------+

Top non-repeatable levels by time:
     D:1: 934 daAuts
     D:2: 111 daAuts
